 Dungeon Crawl Stone Soup version 0.26-a0-478-g6c97825307 (webtiles) character file.

Game seed: 8352801730877844971

31114 Infinimo the Severer (level 13, -1/122 HPs)
             Began as a Hill Orc Fighter on Aug 1, 2020.
             Was the Champion of Cheibriados.
             Slain by a seven-headed hydra (3 damage)
             ... on level 6 of the Lair of Beasts.
             The game lasted 00:20:23 (19616 turns).

Infinimo the Severer (Hill Orc Fighter)            Turns: 19616, Time: 00:20:23

Health: -1/122     AC: 15    Str: 47    XL:     13   Next: 56%
Magic:  22/22      EV:  9    Int: 25    God:    Cheibriados [******]
Gold:   1023       SH: 22    Dex: 26    Spells: 10/12 levels left

rFire    + + +     SeeInvis .   J - +0 morningstar (vorpal)
rCold    + + .     Faith    .   i - +2 shield of Resistance {rF+ rC+ MR+}
rNeg     . . .     Spirit   .   j - +5 ring mail of Qiuthi {rElec rPois rF+ MR+}
rPois    +         Reflect  +   r - +0 helmet
rElec    +         Harm     .   x - scarf {shadows}
rCorr    .                      B - +0 pair of gloves of Sif Muna's Scorn {rF+ MP+9 Str+5}
MR       ++...                  (no boots)
Stlth    +.........             E - amulet of reflection
HPRegen  0.30/turn              F - +6 ring of strength
MPRegen  0.18/turn              g - ring of protection from cold

@: very slow
A: no striking features
a: Bend Time, Temporal Distortion, Slouch, Step From Time, Renounce Religion


You were on level 6 of the Lair of Beasts.
You worshipped Cheibriados.
Cheibriados was exalted by your worship.
You visited 2 branches of the dungeon, and saw 16 of its levels.

You collected 1023 gold pieces.

Inventory:

Hand Weapons
 J - a +0 vorpal morningstar (weapon)
Armour
 i - the +2 shield of Resistance (worn) {rF+ rC+ MR+}
   (You found it on level 1 of the Lair of Beasts)

   It protects you from fire.
   It protects you from cold.
   It affects your resistance to hostile enchantments.
 j - the +5 ring mail of Qiuthi (worn) {rElec rPois rF+ MR+}
   (You found it on level 4 of the Dungeon)

   It protects you from fire.
   It insulates you from electricity.
   It protects you from poison.
   It affects your resistance to hostile enchantments.
 r - a +0 helmet (worn)
 x - a scarf of shadows (worn)
 B - the +0 pair of gloves of Sif Muna's Scorn (worn) {rF+ MP+9 Str+5}
   (You found it on level 10 of the Dungeon)

   It affects your strength (+5).
   It protects you from fire.
   It affects your magic capacity (+9).
Jewellery
 g - a ring of protection from cold (right hand)
 q - an uncursed ring of see invisible
 E - an amulet of reflection (around neck)
 F - a +6 ring of strength (left hand)
Wands
 t - a wand of acid (17)
 u - a wand of disintegration (26)
 y - a wand of iceblast (3)
 A - a wand of digging (2)
Scrolls
 a - 10 scrolls of remove curse
 f - 6 scrolls of identify
 h - 3 scrolls of magic mapping
 m - 5 scrolls of teleportation
 p - 5 scrolls of enchant armour
 s - 8 scrolls of enchant weapon
 v - 3 scrolls of fog
 H - a scroll of fear
Potions
 b - 4 potions of flight
 c - 2 potions of brilliance
 d - a potion of stabbing
 e - 5 potions of degeneration
 k - 4 potions of mutation
 l - a potion of resistance
 n - a potion of lignification
 o - 2 potions of haste
 w - a potion of cancellation
 z - 2 potions of might
 C - 2 potions of ambrosia
 D - a potion of invisibility
 G - a potion of heal wounds


   Skills:
 + Level 13.2 Fighting
   Level 16.0(17.1) Axes
 * Level 9.5(12.8) Maces & Flails
 + Level 12.3 Armour
 + Level 7.6 Shields


You had 10 spell levels left.
You knew the following spells:

 Your Spells              Type           Power        Failure   Level
a - Blink                 Tloc           N/A          54%         2

Your spell library contained the following spells:

 Spells                   Type           Power        Failure   Level
 Animate Skeleton         Necr           #.....       38%         1
 Freeze                   Ice            #...         38%         1
 Magic Dart               Conj           #...         38%         1
 Pain                     Necr           #...         38%         1
 Call Imp                 Summ           #.......     54%         2
 Slow                     Hex            #.......     54%         2
 Conjure Flame            Conj/Fire      #.......     77%         3
 Frozen Ramparts          Ice            #.....       77%         3
 Mephitic Cloud           Conj/Pois/Air  #.......     77%         3
 Ozocubu's Armour         Ice            #.......     77%         3
 Vampiric Draining        Necr           #.........   77%         3
 Animate Dead             Necr           #.........   99%         4
 Hailstorm                Conj/Ice       #.......     99%         4
 Summon Ice Beast         Ice/Summ       #.......     99%         4
 Agony                    Necr           #.......     100%        5


Dungeon Overview and Level Annotations

Branches:
Dungeon (10/15)            Temple (0/1) D:6            Lair (6/6) D:8
  Swamp (0/4) Lair:3        Snake (0/4) Lair:2          Orc (0/2) D:10
  Slime: Lair:5-6

Altars:
Cheibriados
Elyvilon
Okawaru
Yredelemnul

Shops:
D:4 *

Annotations:
D:6 1 runed translucent door
Lair:2 1 runed translucent door, Iguemp's ghost, journeyman GrFE
Lair:4 exclusion: 3 oklob plants
Lair:5 exclusion: oklob plant


Message History

The blink frog hits you!
You block the seven-headed hydra's attack. x3
The seven-headed hydra bites you. x2
* * * LOW HITPOINT WARNING * * *
The seven-headed hydra bites you.
* * * LOW HITPOINT WARNING * * *
The blink frog blinks!
The blink frog blinks!
You block the seven-headed hydra's attack. x2
You block the seven-headed hydra's attack. x3
The seven-headed hydra bites you!
* * * LOW HITPOINT WARNING * * *
The seven-headed hydra bites you!
* * * LOW HITPOINT WARNING * * *
You block the seven-headed hydra's attack. x3
The seven-headed hydra bites you!
* * * LOW HITPOINT WARNING * * *
You block the seven-headed hydra's attack.
The seven-headed hydra bites you.
You die...

#..P.PP#. ##........
#........ #.....#
##.....###
#P.....#.##
#PP.###.#.## ...
#PP.# ##@#.## .....
#.P.# #..D#.#.......
#...####.#.###.......
##.....####..........
#......# ##..........
#P.....###...........
#....................
##..†.#....P..†......
##.#.#...............


You could see a seven-headed hydra.

Vanquished Creatures
  Snorg (Lair:2)
  Josephine (D:9)
  A hydra (Lair:5)
  A catoblepas (Lair:3)
  The ghost of mive the Hand of Fortune, a novice DsSu of Nemelex Xobeh (D:10)
  5 elephants (Lair:3)
  5 black mambas
  A gargoyle (D:10)
  11 cane toads
  7 komodo dragons
  3 rime drakes
  A yaktaur (shapeshifter) (D:9)
  A queen bee (D:10)
  2 tyrant leeches (Lair:3)
  28 blink frogs
  Grinder (D:6)
  2 hippogriffs
  2 shadows (D:10)
  4 wraiths
  8 yaks (Lair:4)
  2 basilisks
  A wyvern (D:10)
  A steam dragon (D:10)
  2 nagas (Lair:2)
  7 water moccasins
  7 porcupines
  Duvessa (D:5)
  3 sky beasts
  An eye of draining (D:10)
  2 ice beasts
  A black bear (D:8)
  3 orc warriors
  3 phantoms
  4 ogres
  4 wolves (Lair:2)
  4 centaurs
  12 crocodiles
  3 big kobolds
  7 bullfrogs
  A gnoll sergeant (D:8)
  A wyvern skeleton (D:8)
  3 scorpions
  Dowan (D:5)
  15 killer bees
  A vampire bat (D:4)
  11 wights
  4 howler monkeys
  An electric eel (Lair:3)
  3 bullfrog zombies
  5 hounds
  A jelly (D:6)
  7 orc priests
  2 gnoll shamans
  3 bullfrog skeletons
  3 centaur skeletons
  9 orc wizards
  2 iguanas
  6 worker ants
  8 ogre zombies (D:10)
  A hound zombie (D:6)
  3 hound skeletons
  A worker ant zombie (D:9)
  3 howler monkey skeletons
  20 gnolls
  16 adders
  A shadow imp (D:10)
  3 white imps
  An ooze (D:3)
  An adder skeleton (D:5)
  3 worms
  4 dart slugs
  2 leopard geckos
  19 orcs
  7 giant cockroaches
  4 goblins
  8 hobgoblins
  13 jackals
  3 quokkas
  13 bats
  7 frilled lizards
  2 goblin skeletons (D:10)
  2 goblin zombies (D:10)
  2 hobgoblin skeletons (D:10)
  A hobgoblin zombie (D:10)
  A jackal skeleton (D:7)
  25 kobolds
  A leopard gecko skeleton (D:5)
  6 orc skeletons (D:10)
  12 orc zombies (D:10)
  2 quokka skeletons (D:7)
  3 rats
  3 butterflies (Lair:3)
434 creatures vanquished.

Vanquished Creatures (others)
  6 fungi
  11 plants
17 creatures vanquished.

Grand Total: 451 creatures vanquished

Notes
Turn   | Place    | Note
-------+----------+-------------------------------------------
     0 | D:1      | Infinimo the Hill Orc Fighter began the quest for the Orb.
     0 | D:1      | Reached XP level 1. HP: 19/19 MP: 1/1
   131 | D:1      | Reached skill level 3 in Axes
   131 | D:1      | Reached XP level 2. HP: 27/27 MP: 2/2
   897 | D:2      | Reached XP level 3. HP: 33/33 MP: 3/3
   920 | D:2      | Noticed a bullfrog
   929 | D:2      | Killed a bullfrog
   929 | D:2      | Reached skill level 4 in Axes
   929 | D:2      | Reached XP level 4. HP: 22/41 MP: 4/4
  1847 | D:3      | Reached XP level 5. HP: 47/47 MP: 5/5
  1919 | D:3      | Reached skill level 5 in Axes
  1939 | D:3      | Noticed a phantom
  1957 | D:3      | Killed a phantom
  2244 | D:3      | Found a snail-covered altar of Cheibriados.
  2269 | D:3      | Reached skill level 5 in Fighting
  2269 | D:3      | Reached XP level 6. HP: 53/56 MP: 6/6
  2270 | D:3      | Became a worshipper of Cheibriados the Contemplative
  2526 | D:3      | Reached skill level 6 in Axes
  2764 | D:3      | Found a faded altar of an unknown god.
  2816 | D:3      | Reached * piety under Cheibriados
  3264 | D:4      | Reached skill level 5 in Armour
  3529 | D:4      | Reached XP level 7. HP: 55/61 MP: 7/7
  3547 | D:4      | Reached skill level 7 in Axes
  3668 | D:3      | Reached ** piety under Cheibriados
  3947 | D:4      | Found Hataluz's Elemental Accessories.
  4187 | D:4      | Got a bloodstained ring mail
  4198 | D:4      | Identified the +5 ring mail of Qiuthi {rElec rPois rF+ MR+}
                  | (You found it on level 4 of the Dungeon)
  4369 | D:4      | Reached skill level 8 in Axes
  4511 | D:4      | Reached XP level 8. HP: 71/71 MP: 8/8
  4714 | D:5      | Entered Level 5 of the Dungeon
  4731 | D:5      | Found an iron altar of Okawaru.
  4966 | D:5      | Reached skill level 9 in Axes
  5000 | D:5      | Reached *** piety under Cheibriados
  5062 | D:5      | Noticed Duvessa
  5062 | D:5      | Noticed Dowan
  5069 | D:5      | Killed Dowan
  5072 | D:5      | Killed Duvessa
  5072 | D:5      | Reached skill level 10 in Axes
  5352 | D:5      | Reached XP level 9. HP: 75/79 MP: 9/9
  5720 | D:6      | Found a staircase to the Ecumenical Temple.
  5768 | D:6      | Noticed Grinder
  5772 | D:6      | Reached **** piety under Cheibriados
  5773 | D:6      | Paralysed by Grinder for 2 turns
  5781 | D:6      | Killed Grinder
  5781 | D:6      | Reached skill level 11 in Axes
  5898 | D:6      | Found a white marble altar of Elyvilon.
  5898 | D:6      | Found a runed translucent door.
  5903 | D:6      | Noticed an angel
  6618 | D:7      | Reached skill level 12 in Axes
  7503 | D:7      | Reached XP level 10. HP: 65/91 MP: 10/10
  8011 | D:8      | Reached ***** piety under Cheibriados
  8274 | D:8      | Reached skill level 13 in Axes
  8633 | D:8      | Found a staircase to the Lair.
  9034 | D:9      | Learned a level 2 spell: Blink
  9480 | D:9      | Reached skill level 10 in Fighting
  9742 | D:10     | Entered Level 10 of the Dungeon
  9742 | D:10     | Noticed Josephine
  9749 | D:9      | Reached skill level 14 in Axes
  9758 | D:9      | Killed Josephine
  9938 | D:10     | Reached XP level 11. HP: 69/101 MP: 11/11
 10264 | D:10     | Found a basalt altar of Yredelemnul.
 10298 | D:10     | Reached ****** piety under Cheibriados
 10433 | D:10     | Found a staircase to the Orcish Mines.
 10447 | D:10     | Reached skill level 15 in Axes
 10564 | D:10     | Reached skill level 10 in Armour
 10640 | D:10     | Found a transporter.
 10642 | D:10     | Found a transporter.
 10678 | D:10     | Noticed mive's ghost (novice DsSu)
 10869 | D:10     | Got a pair of warped gloves
 10880 | D:10     | Identified the cursed +0 pair of gloves of Sif Muna's Scorn
                  | {rF+ MP+9 Str+5} (You found it on level 10 of the Dungeon)
 11357 | D:10     | Killed mive's ghost
 11577 | Lair:1   | Entered Level 1 of the Lair of Beasts
 12049 | Lair:1   | Reached skill level 16 in Axes
 12360 | Lair:1   | Found the +2 shield of Resistance {rF+ rC+ MR+}
 12681 | D:5      | Got an encrusted ring mail
 12692 | D:5      | Identified the +2 ring mail of Asceticism {Harm MR+ Dex+6}
                  | (You found it on level 5 of the Dungeon)
 13268 | Lair:2   | Reached skill level 1 in Maces & Flails
 13530 | Lair:2   | Reached XP level 12. HP: 111/111 MP: 12/12
 13642 | Lair:2   | Found a staircase to the Snake Pit.
 13925 | Lair:2   | Found a runed translucent door.
 13927 | Lair:2   | Noticed Iguemp's ghost (journeyman GrFE)
 14405 | Lair:3   | Reached skill level 5 in Shields
 14729 | Lair:3   | Noticed Snorg
 14748 | Lair:2   | Killed Snorg
 14748 | Lair:2   | Reached skill level 5 in Maces & Flails
 15021 | Lair:3   | Found a staircase to the Swamp.
 15623 | Lair:3   | Noticed a catoblepas
 15639 | Lair:3   | Killed a catoblepas
 16136 | Lair:3   | Got a pair of masterwork gloves
 16148 | Lair:3   | Identified the +2 pair of gloves "Dykiyll" {Harm rC+ Str-5}
                  | (You found it on level 3 of the Lair of Beasts)
 16907 | Lair:4   | Reached XP level 13. HP: 75/119 MP: 13/13
 19384 | Lair:6   | Entered Level 6 of the Lair of Beasts
 19616 | Lair:6   | HP: 2/122 [seven-headed hydra (14)]
 19616 | Lair:6   | Slain by a seven-headed hydra

Illustrated notes

Levels and vault maps discovered:
D:1:      dpeg_arrival_tiny_a, layout_basic
D:2:      layout_loops_corners, eino_tiny_chamber,
          chequers_serial_rivers_large_a
D:3:      layout_basic, chequers_ecumenical_altar_grove, kennysheep_slug_shrine
D:4:      layout_loops_cross, roderic_batcave, hangedman_glass_teeth,
          nrook_mini_vaults, nicolae_elemental_shop
D:5:      layout_basic, okawaru_ov_weapons_minmay, uniq_duvessa
D:6:      layout_loops_ring, minmay_temple_entry_trees, lemuel_angel_altar,
          uniq_grinder
D:7:      layout_layer_cave, kennysheep_generic_room_12
D:8:      layout_basic, lair_entry_dummy, serial_bayou_crossing
D:9:      layout_irregular_city
D:10:     layout_basic, zombieorc2_lemuel, gammafunk_ghost_hive,
          lemuel_altar_in_water, uniq_josephine
Lair:1:   layout_big_grid
Lair:2:   layout_chaotic_city, guppyfry_snake_entry_garden,
          ebering_ghost_inner_flame
Lair:3:   layout_misc_corridors, minmay_swamp_entry_worms, lemuel_fruit_fields,
          serial_bayou_shore_a, lemuel_fruit_fields, uniq_snorg
Lair:4:   dpeg_oklob_gauntlet, layout_regular_city, grunt_megastairs_3,
          lemuel_fruit_fields, lemuel_fruit_tree
Lair:5:   layout_cave_shapes, minmay_lair_oklob_chamber
Lair:6:   evil_forest, layout_regular_city, slime_altar_1, minivault_24

Skill      XL: |  1  2  3  4  5  6  7  8  9 10 11 12 13 |
---------------+----------------------------------------+-----
Axes           | 3 4 5 6 8 10 12 14 16 | 16.0
Fighting       | 4 5 6 7 9 10 11 12 13 | 13.2
Armour         | 4 5 6 8 9 10 11 12 | 12.3
Maces & Flails | 2 7 9 |  9.5
Shields        | 4 6 7 |  7.6

Action                   |  1- 3 |  4- 6 |  7- 9 | 10-12 | 13-15 || total
-------------------------+-------+-------+-------+-------+-------++-------
Melee: War axe           |    74 |   166 |    82 |       |       ||   322
       Battleaxe         |       |       |   238 |   330 |       ||   568
       Morningstar       |       |       |       |   249 |   193 ||   442
  Use: Scroll            |       |    12 |     4 |    11 |     1 ||    28
       Potion            |       |     1 |     7 |     3 |       ||    11
 Stab: Sleeping          |       |       |       |    13 |     1 ||    14
       Distracted        |       |       |       |     2 |       ||     2
Armor: Scale mail        |    31 |   110 |    58 |       |       ||   199
       Ring mail         |       |       |   161 |   255 |    59 ||   475
       Skin              |       |       |    16 |    13 |       ||    29
Dodge: Dodged            |    43 |    94 |   214 |   242 |    41 ||   634
Block: Kite shield       |     9 |       |       |   299 |   242 ||   550
       Other             |       |       |       |     5 |       ||     5
       Reflection        |       |       |       |     3 |       ||     3

Table legend: (Time is in decaauts)
 A = Elapsed time spent in this place.
 B = Non-inter-level travel time spent in this place.
 C = Inter-level travel time spent in this place.
 D = Time resting spent in this place.
 E = Time spent auto-exploring this place.
 F = Levels seen in this place.
 G = Mean time per level.
                   A        B        C        D        E       F      G
               +--------+--------+--------+--------+--------+-----+--------+
         Total |  27309 |  24958 |   2351 |    239 |  21700 |  16 | 1706.8 |
       Dungeon |  16439 |  14656 |   1783 |      0 |  12591 |  10 | 1643.9 |
          Lair |  10870 |  10302 |    568 |    239 |   9109 |   6 | 1811.7 |
               +--------+--------+--------+--------+--------+-----+--------+

Top non-repeatable levels by time:
  Lair:3: 2715 daAuts
  Lair:4: 2558 daAuts
     D:7: 2462 daAuts
    D:10: 2225 daAuts
     D:9: 2179 daAuts
  Lair:2: 1869 daAuts
  Lair:5: 1842 daAuts
     D:3: 1829 daAuts
     D:8: 1622 daAuts
  Lair:1: 1570 daAuts
     D:4: 1564 daAuts
     D:5: 1350 daAuts
     D:6: 1342 daAuts
     D:2: 1180 daAuts
     D:1: 683 daAuts
